Map: Dusk Towers

Players

Spalium

  • Race: Zerg Zerg
  • League: Master

warbio

  • Race: Zerg Zerg
  • League: Platinum

Smurf

  • Race: Terran Terran
  • League: Diamond

GosuAppa

  • Race: Terran Terran
  • League: Gold

VOD

Have the link to the VOD?

Description

Time

  • Played on: March 11, 2016, 4:36 p.m.
  • Length: 10:32
Show
View Real Time Build Order
Export as new Build Order

Spalium Zerg 

Build Orders: Pool First 

Get SALT Encoding   

  12  0:01  Drone  
  13  0:12  Overlord  
  13  0:17  Drone  
  14  0:27  Extractor  
  13  0:30  Drone  
  13  0:31  Drone  
  15  0:36  Drone  
  16  0:45  Drone  
  17  0:54  Spawning Pool  
  17  0:57  Drone  
  17  1:06  Drone  
  18  1:17  Drone  
  19  1:42  Overlord  
  19  1:46  Hatchery  
  18  1:51  Roach Warren  
  17  1:59  Queen  
  19  2:09  Drone  
  19  2:10  Drone  
  21  2:31  Roach  
  21  2:32  Roach x2  
  26  2:49  Overlord  
  26  2:57  Ravager x3  
  29  3:16  Overlord  
  29  3:17  Overlord  
  29  3:18  Drone x5  
  34  3:25  Hatchery  
  33  3:30  Drone  
  34  3:37  Drone x2  
  36  3:43  Drone x2  
  36  3:48  Queen  
  40  3:56  Drone x2  
  42  4:06  Drone  
  42  4:07  Drone x4  
  47  4:13  Overlord  
  47  4:19  Zergling x2  
  47  4:22  Metabolic Boost  
  45  4:29  Extractor  
  41  4:33  Zergling x10  
  43  4:44  Drone x3  
  43  4:45  Baneling Nest  
  45  4:47  Queen  
  47  4:54  Overlord  
  47  4:55  Drone x2  
  47  4:58  Drone  
  47  4:59  Drone x3  
  53  5:10  Drone x5  
  53  5:11  Overlord  
  58  5:22  Drone x3  
  61  5:30  Queen  
  59  5:36  Overlord  
  59  5:37  Zergling x2  
  59  5:38  Zergling x8  
  63  5:48  Extractor x2  
  60  5:56  Lair  
  59  6:02  Drone x8  
  63  6:10  Drone x8  
  69  6:22  Evolution Chamber x2  
  69  6:24  Queen  
  69  6:29  Drone x2  
  69  6:30  Drone  
  72  6:34  Extractor  
  72  6:35  Drone x3  
  72  6:36  Overlord  
  72  6:37  Overlord  
  72  6:38  Drone  
  72  6:47  Zergling x12  
  75  6:54  Zergling x2  
  76  7:05  Hydralisk Den  
  76  7:08  Zergling x8  
  70  7:13  Drone x2  
  75  7:20  Drone x4  
  73  7:24  Zergling x2  
  74  7:37  Overlord x3  
  70  7:40  Muscular Augments, Hydralisk x6  
  82  7:44  Hatchery  
  81  7:53  Zerg Missile Weapons Level 1  
  81  7:54  Hydralisk x3  
  81  7:55  Hydralisk x3  
  81  7:57  Hatchery  
  90  8:07  Infestation Pit  
  90  8:08  Hydralisk x4  
  97  8:14  Zergling x10  
  97  8:18  Hydralisk x2  
  104  8:22  Zergling x4  
  93  8:28  Zergling x8  
  93  8:31  Centrifical Hooks  
  93  8:33  Overlord  
  91  8:39  Baneling x4, Zergling x10  
  77  8:43  Baneling x3  
  72  8:55  Zergling x2  
  72  8:56  Zergling x8  
  72  9:02  Zergling x8  
  72  9:15  Zergling x2  
  72  9:16  Zergling x6  
  66  9:28  Baneling x4  
  66  9:29  Baneling x8  
  66  9:30  Baneling x3, Zergling x12  
  70  9:32  Baneling  
  70  9:43  Overlord  
  70  9:45  Zergling x8  
  74  9:56  Zergling x4  
  71  10:03  Drone  
  57  10:07  Hatchery  
  57  10:13  Drone x3, Hatchery  
  57  10:14  Drone  
Show
View Real Time Build Order
Export as new Build Order

warbio Zerg 

Build Orders:  

Get SALT Encoding   

  12  0:00  SCV  
  13  0:13  SCV  
  14  0:18  Supply Depot  
  14  0:25  SCV  
  15  0:40  SCV  
  16  0:43  Barracks  
  16  0:49  Refinery  
  16  0:52  SCV  
  17  1:04  SCV  
  18  1:16  SCV  
  19  1:30  Orbital Command  
  19  1:32  Reaper  
  20  1:38  Engineering Bay  
  20  1:48  Command Center  
  20  1:58  SCV  
  21  2:03  Marine  
  21  2:06  Supply Depot  
  22  2:12  Refinery  
  22  2:18  Factory  
  22  2:20  SCV  
  23  2:27  Marine  
  24  2:33  SCV  
  25  2:48  SCV  
  26  2:53  Barracks Reactor  
  26  3:00  SCV  
  26  3:03  Factory Tech Lab  
  28  3:06  Starport, Orbital Command  
  28  3:12  SCV, Supply Depot  
  28  3:21  Siege Tank  
  28  3:24  SCV  
  32  3:30  Marine x2  
  34  3:35  SCV  
  35  3:44  Medivac  
  37  3:48  Supply Depot  
  37  3:50  Marine x2  
  37  3:51  SCV x2  
  41  4:04  Siege Tank  
  42  4:13  Supply Depot  
  42  4:20  Medivac  
  43  4:25  Barracks Tech Lab, Supply Depot  
  43  4:32  SCV x2  
  45  4:40  Command Center  
  45  4:41  Refinery  
  45  4:42  Refinery  
  45  4:44  SCV x2  
  47  4:45  Stimpack  
  47  5:02  Barracks, SCV x2  
  47  5:04  Barracks  
  49  5:12  Siege Tank  
  52  5:14  SCV  
  53  5:25  Engineering Bay  
  53  5:27  Starport Reactor  
  52  5:36  SCV x2  
  52  5:41  Marauder  
  56  5:48  SCV  
  57  5:50  Engineering Bay  
  57  5:51  Barracks Reactor  
  57  6:00  Orbital Command  
  57  6:05  Medivac x2  
  61  6:14  Bunker  
  61  6:16  Marauder x2  
  65  6:21  Orbital Command  
  65  6:25  Supply Depot  
  65  6:30  Terran Infantry Armor Level 1, Terran Infantry Weapons Level 1  
  65  6:33  Marine x2  
  65  6:35  Widow Mine  
  65  6:37  Barracks, Marine x2  
  65  6:39  SCV x2  
  73  6:40  Supply Depot  
  73  6:43  Medivac  
  75  6:47  Medivac  
  75  6:51  Marine x2  
  75  6:53  SCV x3  
  82  6:55  Marauder, Marine  
  85  7:09  Marine x2  
  85  7:15  Medivac  
  89  7:17  Marauder, Marine  
  89  7:18  Barracks x2  
  89  7:19  Barracks  
  89  7:22  Barracks  
  92  7:23  Supply Depot  
  92  7:26  Barracks Reactor  
  92  7:33  SCV x2  
  92  7:34  SCV  
  92  7:35  Armory  
  95  7:37  Concussive Shells  
  95  7:39  Combat Shields  
  95  7:43  Medivac  
  97  7:45  SCV x2  
  99  7:52  Marine x3, Supply Depot  
  99  7:54  Medivac, Supply Depot  
  99  7:58  SCV x3  
  107  8:13  Barracks Reactor x2  
  107  8:14  Barracks Reactor  
  107  8:18  Barracks Reactor  
  102  8:20  Marine, Refinery  
  102  8:21  Marauder, Marine x3  
  102  8:24  Refinery  
  108  8:29  SCV x2  
  108  8:30  SCV  
  105  8:46  Command Center  
  105  8:48  Medivac x2  
  109  8:49  Marauder, Marine  
  109  8:50  Marine x2  
  109  8:51  Marine  
  115  8:59  Marine x3, Supply Depot  
  115  9:00  Marine x2  
  120  9:08  Marauder  
  120  9:09  Marine  
  123  9:11  Marauder  
  125  9:17  Supply Depot  
  125  9:18  Liberator  
  125  9:19  Supply Depot  
  125  9:20  Supply Depot  
  121  9:25  Marine x3  
  121  9:28  Medivac  
  121  9:30  Marauder  
  128  9:32  Marauder  
  128  9:37  Supply Depot  
  133  9:47  Marine x2  
  133  9:49  Marine  
  133  9:50  Marine  
  133  9:51  Marauder  
  139  9:53  Marauder  
  139  9:55  Marine  
  139  9:56  Marine  
  139  9:57  Marine  
  139  9:58  Medivac  
  139  9:59  SCV  
  142  10:23  Missile Turret  
Show
View Real Time Build Order
Export as new Build Order

Smurf Terran 

Build Orders:  

Get SALT Encoding   

Show
View Real Time Build Order
Export as new Build Order

GosuAppa Terran 

Build Orders:  

Get SALT Encoding   

Tags
 
Add a new tag
Caveats
  • Supply blocks, unpowered buildings, or Contaminate may cause inaccurate times.
  • Supply counts are checked every 10 seconds.